 Dungeon Crawl Stone Soup version 0.32-a0-876-gcfddb08e57 (webtiles) character file.

Game seed: 12217523997587570332

4 Esekla the Gusty (level 1, -2/14 HPs)
             Began as a Demonspawn Wanderer on Mar 31, 2024.
             Slain by a kobold
             ... wielding a +0 club
              (4 damage)
             ... on level 1 of the Dungeon.
             The game lasted 00:03:38 (274 turns).

Esekla the Gusty (Demonspawn Wanderer)               Turns: 274, Time: 00:03:39

Health: -2/14      AC:  2    Str: 10    XL:     1   Next: 58%
Magic:  2/2        EV: 10    Int: 18    God:
Gold:   11         SH:  0    Dex:  8    Spells: 1/2 levels left

rFire   . . .        a - +0 dagger
rCold   . . .        (no shield)
rNeg    . . .        d - +0 robe
rPois   .            (no helmet)
rElec   .            (no cloak)
rCorr   .            (no gloves)
SInv    .            (no boots)
Will    .....        (no amulet)
Stlth   +            (no ring)
HPRegen 0.22/turn    (no ring)
MPRegen 0.08/turn

%: no passive effects
@: no status effects
A: no striking features
a: no special abilities


You were on level 1 of the Dungeon.
You visited 1 branch of the dungeon, and saw 1 of its levels.

You collected 11 gold pieces.

Inventory:

Hand Weapons
 a - a +0 dagger (weapon)
Missiles
 b - 12 poisoned darts (quivered)
Armour
 d - a +0 robe (worn)
Scrolls
 e - a scroll of blinking {unknown}
Potions
 c - a potion of lignification
 f - a potion of brilliance {unknown}


   Skills:
 * Level 0.7 Fighting
 + Level 0.2 Short Blades
 - Level 1.7 Throwing
 * Level 1.0 Spellcasting
 + Level 3.3 Necromancy
 - Level 3.6 Air Magic


You had one spell level left.
You knew the following spells:

 Your Spells              Type           Power      Damage    Failure   Level
p - Apportation           Tloc           0%         N/A       21%         1

Your spell library contained the following spells:

 Spells                   Type           Power      Damage    Failure   Level
 Necrotise                Necr           52%        1d6       4%          1
 Shock                    Conj/Air       28%        1d4       10%         1
 Sting                    Conj/Alch      0%         1d3       21%         1
 Summon Small Mammal      Summ           0%         N/A       21%         1
 Static Discharge         Conj/Air       14%        3-4/arc   14%         2
 Vampiric Draining        Necr           13%        2d6       16%         3
 Mephitic Cloud           Conj/Alch/Air  5%         N/A       36%         3


Dungeon Overview and Level Annotations

Branches:
Dungeon (1/15)

Altars:


Message History

The endoplasm freezes you.
You are frozen.
You hit the endoplasm.
You kill the endoplasm!
Found a plate armour.
Found a fuming coppery potion.
A kobold comes into view. It is wielding a +0 club.
The kobold shouts!
You hear a shout!
A goblin and a bat come into view.
The goblin shouts!
The bat hits you but does no damage.
You hit the bat.
The bat is severely wounded.
The bat hits you but does no damage. x2
You closely miss the bat.
The bat is severely wounded.
The bat hits you. x2
You closely miss the kobold. The kobold hits you with a +0 club.
You hit the kobold.
The kobold is severely wounded.
The kobold hits you with a +0 club.
You barely miss the kobold.
The kobold is severely wounded.
The kobold hits you with a +0 club.
* * * LOW HITPOINT WARNING * * *
You hit the kobold but do no damage.
The kobold is severely wounded.
The kobold completely misses you.
You barely miss the kobold.
The kobold is severely wounded.
The kobold hits you with a +0 club.
* * * LOW HITPOINT WARNING * * *
You miss the kobold.
The kobold is severely wounded.
The kobold hits you with a +0 club.
* * * LOW HITPOINT WARNING * * *
You miss the kobold.
The kobold is severely wounded.
The kobold hits you with a +0 club.
You die...

##.###..###...#
#.# #.#
#.............#
#.# #.#
#.....#.###...#
#####.# #.#
#.....#.# ##..#
#.....# #.#
#.....#.# ...#
#.....# ##.####.#
#..# #...[.# ...#
#.# #.. #.....#
####
#.#..#..###.#####.
#
...!..gbK@........
.
....#..##...####..
.. . #.. #...# .##
.... #...# ..
..... #...# #.
#..##. #...# ....
#. #...# ... ..
.....


You could see a goblin, a bat and a kobold.

Vanquished Creatures
  An endoplasm (D:1)
  A quokka (D:1)
  A ball python (D:1)
  2 bats (D:1)
5 creatures vanquished.

Notes
Turn   | Place    | Note
-------+----------+-------------------------------------------
     0 | D:1      | Esekla the Demonspawn Wanderer began the quest for the Orb.
     0 | D:1      | Esekla set off with the following items: a +0 dagger, 12
                  | poisoned darts, a potion of lignification, a +0 robe; and
                  | the following spells available to memorise: Necrotise,
                  | Shock, Static Discharge, Vampiric Draining, Mephitic Cloud.
     0 | D:1      | Reached XP level 1. HP: 13/13 MP: 2/2
   219 | D:1      | Learned a level 1 spell: Apportation
   274 | D:1      | Slain by a kobold

Illustrated notes

Levels and vault maps discovered:
D:1:      heliophobic_arrival_henge, layout_basic, minmay_cupped

Action                     || total
---------------------------++-------
  Melee: Dagger            ||    39
 Armour: Robe              ||    25
  Dodge: Dodged            ||    22

Table legend: (Time is in decaauts)
 A = Elapsed time spent in this place.
 B = Non-inter-level travel time spent in this place.
 C = Inter-level travel time spent in this place.
 D = Time resting spent in this place.
 E = Time spent auto-exploring this place.
 F = Levels seen in this place.
 G = Mean time per level.
                   A        B        C        D        E       F      G
               +--------+--------+--------+--------+--------+-----+--------+
         Total |    274 |    274 |      0 |     43 |      0 |   1 |  274.0 |
       Dungeon |    274 |    274 |      0 |     43 |      0 |   1 |  274.0 |
               +--------+--------+--------+--------+--------+-----+--------+

Top non-repeatable levels by time:
     D:1: 274 daAuts
